 Seeded DCSS version 0.29.1-15-g9cfb28693d (webtiles) character file.

Game seed: 8781697536220088843 (custom seed)

2067 Sanktem7 the Cleaver (level 9, -2/79 HPs)
             Began as a Minotaur Fighter on Mar 13, 2023.
             Slain by a two-headed ogre
             ... wielding a +0 giant spiked club
              (7 damage)
             ... on level 7 of the Dungeon.
             The game lasted 00:10:40 (6012 turns).

Sanktem7 the Cleaver (Minotaur Fighter)             Turns: 6012, Time: 00:10:40

Health: -2/79      AC: 32    Str: 25    XL:     9   Next: 5%
Magic:  8/8        EV:  4    Int:  9    God:
Gold:   277        SH:  6    Dex: 16    Spells: 8/8 levels left

rFire   . . .      SeeInvis .   a - +1 war axe {axe}
rCold   . . .      Faith    .   c - +0 buckler
rNeg    + . .      Spirit   .   b - +10 crystal plate armour "Naagan Fyrch" {rElec rN+ Int+4, rare=g}
rPois   .          Reflect  .   n - +1 hat
rElec   +          Harm     .   w - +1 cloak {Will+}
rCorr   .          Rampage  .   (no gloves)
Will    +....                   (no boots)
Stlth   ..........              (no amulet)
HPRegen 0.23/turn               r - +6 ring of dexterity
MPRegen 0.11/turn               (no ring)

@: no status effects
A: horns 2, retaliatory headbutt
a: no special abilities


You were on level 7 of the Dungeon.
You visited 1 branch of the dungeon, and saw 7 of its levels.
You also visited: Sewer and Ossuary.

You collected 277 gold pieces.


Innate Abilities, Weirdness & Mutations

You have a pair of horns on your head.
You reflexively headbutt those who attack you in melee.


   Skills:
 + Level 7.4 Fighting
 * Level 9.2 Axes
 + Level 7.4 Armour
 + Level 7.3 Shields


You had 8 spell levels left.
You didn't know any spells.
Your spell library contained the following spells:

 Spells                   Type           Power      Damage    Failure   Level
 Apportation              Tloc           0%         N/A       100%        1
 Necrotise                Necr           0%         1d4       100%        1
 Summon Small Mammal      Summ           0%         N/A       100%        1
 Portal Projectile        Hex/Tloc       0%         N/A       100%        3
 Tukima's Dance           Hex            0%         N/A       100%        3
 Blade Hands              Tmut           0%         N/A       100%        5

Inventory:

Hand Weapons
 a - a +1 war axe (weapon) {axe}
 k - a +1 dagger of venom {short}
   (You took it off an orc on level 5 of the Dungeon)
 y - a +1 vorpal falchion {long}
   (You took it off an orc on level 5 of the Dungeon)
 H - a +0 short sword of protection {short}
   (You took it off a kobold in a sewer)
 J - a +2 dagger of venom {short}
   (You found it on level 6 of the Dungeon)
Missiles
 h - 65 stones (quivered) {throwing}
 p - 5 datura-tipped darts {throwing}
 v - 13 poisoned darts {throwing}
 G - a curare-tipped dart {=fthrowing}
Armour
 b - the +10 crystal plate armour "Naagan Fyrch" (worn) {rElec rN+ Int+4, rare=g}
   (You acquired it on level 4 of the Dungeon)

   Int:       It affects your intelligence (+4).
   rElec:     It insulates you from electricity.
   rN:        It protects you from negative energy.
 c - a +0 buckler (worn)
 n - a +1 hat (worn)
   (You found it on level 1 of the Dungeon)
 w - a +1 cloak of willpower (worn)
   (You took it off Crazy Yiuf on level 3 of the Dungeon)
Jewellery
 f - an amulet of regeneration {@e2}
   (You found it on level 5 of the Dungeon)
 r - a +6 ring of dexterity (left hand)
   (You found it on level 2 of the Dungeon)
Wands
 M - a wand of iceblast (3)
   (You found it on level 6 of the Dungeon)
Scrolls
 e - 5 scrolls of poison {!r}
 g - 3 scrolls of immolation {unknown}
 j - 3 scrolls of magic mapping {unknown}
 l - 4 scrolls of teleportation {unknown}
 m - 2 scrolls of amnesia {unknown}
 o - 2 scrolls of fear {unknown}
 q - a scroll of torment {unknown}
 B - a scroll of fog {unknown}
 D - 2 scrolls of enchant armour {unknown}
 E - a scroll of silence {unknown}
 F - 3 scrolls of identify {@r1}
 L - a scroll of summoning {unknown}
Potions
 d - 3 potions of might
 i - 3 potions of heal wounds {unknown}
 s - 5 potions of degeneration {unknown}
 t - 3 potions of brilliance {unknown}
 u - a potion of resistance {unknown}
 x - 2 potions of curing {unknown}
 z - 3 potions of haste {unknown}
 A - a potion of invisibility {unknown}
 C - a potion of lignification {unknown}
 I - a potion of magic {unknown}
 K - 2 potions of cancellation {unknown}

Dungeon Overview and Level Annotations

Branches:
Dungeon (7/15) Zot: 26943  Temple (0/1) D:4           Sewer (visited)
Ossuary (visited)

Altars:
Cheibriados
Gozag
Qazlal
Yredelemnul

##.#####.#
...#####.#
...<..##.# #####
#..#..##.####...#
...#..##.#......###
#........#.#......##
.....†.....#.#.....#
#.##.......#.#.##..#
#.##.......#.#..@..#
#.##.......#.#.#O5.#
#.##.......#.#.....#
#.##.......#.......#
..##.......###.#.#.#
..#........# #.#...#
.## #.##..# # #. ..#


You could see a two-headed ogre and a shadow imp.


Message History

Your experience leads to an increase in your attributes!
Your base attributes are Str 23, Int 5, Dex 10.
Increase (S)trength, (I)ntelligence, or (D)exterity?
You feel stronger. x2 😎 HP[+6] MP[+1]
You now have 79 max hp (+6).
Your hp is fully restored (79).
Your mp is fully restored (8).
You now have 277 gold pieces (gained 12).
There is a stone staircase leading down here.
Key pressed, stopping explore.
Done exploring.
Done exploring.
There is an escape hatch in the floor here.
You slide downwards.
The hatch slams shut behind you.
Found a stone staircase leading up.
A bullfrog comes into view.
A bullfrog is nearby!
The bullfrog hits you but does no damage.
You slash the bullfrog! Your headbutt misses the bullfrog.
The bullfrog hits you but does no damage.
You block the bullfrog's attack.
You slash the bullfrog! You block the bullfrog's attack.
You closely miss the bullfrog. The bullfrog hits you.
The bullfrog hits you but does no damage. 😕 HP[-1]
You take 1 damage, and now have 78/79 hp.
You hit the bullfrog but do no damage. You headbutt the bullfrog.
You block the bullfrog's attack.
You slash the bullfrog!
You kill the bullfrog!
No target in view!
h - 65 stones {throwing} (gained 4)
A shadow imp comes into view.
The shadow imp shouts, "Scamper away, thou skyhacking rude-growing gnoll-tail!" 😎 HP[+1]
Your hp is fully restored (79).
A shadow imp is nearby!
A shadow imp is nearby!
No target in view!
No target in view!
No target in view!
No target in view!
No target in view!
No target in view!
A two-headed ogre comes into view.
It is wielding a +0 giant spiked club and a +0 giant club.
There are monsters nearby!
The two-headed ogre shouts in stereo!
The shadow imp gestures at you. Pain shoots through your body! 😕 HP[-2]
You take 2 damage, and now have 77/79 hp.
The shadow imp hits you but does no damage.
You completely miss the shadow imp. You headbutt the shadow imp.
The shadow imp hits you but does no damage.
You hit the shadow imp but do no damage.
You headbutt the shadow imp.
The shadow imp hits you but does no damage.
You hit the shadow imp but do no damage.
You slash the two-headed ogre! You block the shadow imp's attack.
The two-headed ogre hits you but does no damage. x2 😕 HP[+1]
You hit the shadow imp but do no damage.
You slash the two-headed ogre! The shadow imp hits you.
The two-headed ogre hits you with a +0 giant spiked club!
The two-headed ogre hits you but does no damage. 😕 HP[-15]
You take 15 damage, and now have 63/79 hp.
You closely miss the shadow imp. Your headbutt misses the shadow imp.
You hit the two-headed ogre but do no damage.
The shadow imp hits you but does no damage.
You hit the shadow imp. Your headbutt misses the shadow imp.
You slash the two-headed ogre! The shadow imp gestures at you.
You easily resist.
The two-headed ogre hits you with a +0 giant spiked club!!
The two-headed ogre hits you with a +0 giant club!
* * * LOW HITPOINT WARNING * * *
😨 HP[-37]
You take 37 damage, and now have 26/79 hp.
MASSIVE DAMAGE!! (PAUSE)
You hit the two-headed ogre but do no damage.
You headbutt the two-headed ogre. You closely miss the shadow imp.
The shadow imp gestures at you.
You easily resist.
The two-headed ogre hits you with a +0 giant spiked club!
* * * LOW HITPOINT WARNING * * *
The two-headed ogre hits you with a +0 giant club.
* * * LOW HITPOINT WARNING * * *
😱 HP[-20]
You take 20 damage, and now have 6/79 hp.
MASSIVE DAMAGE!! (PAUSE)
You slash the two-headed ogre! You barely miss the shadow imp.
The shadow imp gestures at you.
You easily resist.
The shadow imp gestures at you. Pain shoots through your body!
* * * LOW HITPOINT WARNING * * *
The two-headed ogre hits you but does no damage.
The two-headed ogre hits you with a +0 giant club!
You die...

Skill      XL: |  1  2  3  4  5  6  7  8 |
---------------+-------------------------+-----
Axes           | 3 4 5 7 9 |  9.2
Fighting       | 4 5 6 7 |  7.4
Armour         | 4 5 6 7 |  7.4
Shields        | 4 5 6 7 |  7.3

Action                   |  1- 3 |  4- 6 |  7- 9 || total
-------------------------+-------+-------+-------++-------
Melee: War axe           |    71 |   100 |   238 ||   409
       Headbutt          |    10 |    10 |    43 ||    63
  Use: Scroll            |       |     1 |     4 ||     5
Armor: Scale mail        |    33 |    55 |    12 ||   100
       Crystal plate arm |       |       |   186 ||   186
Dodge: Dodged            |    30 |    52 |    35 ||   117
Block: Buckler           |    10 |    26 |    81 ||   117

Levels and vault maps discovered:
D:1:      amcnicky_arrival_gap_in_the_tavern_cellar, layout_loops_corners,
          chequers_ecumenical_altar_simple
D:2:      layout_loops_corners, serial_undead, serial_undead_f, serial_undead_c,
          serial_undead_c, serial_undead_b, serial_undead_a, serial_undead_a
D:3:      layout_basic, nicolae_qazlal_eye_of_the_storm, slow_altar_1,
          chequers_temple_overflow_statue_of_worship,
          hangedman_decor_diamond_cutter, hex_medium, uniq_sigmund,
          uniq_crazy_yiuf_cottage
D:4:      layout_basic, minmay_temple_entry_antechambers
D:5:      layout_loops_corners
D:6:      layout_rooms, gup_sewer_entry_bowl, enter_ossuary_3, uniq_duvessa
D:7:      layout_loops_cross, gammafunk_temple_overflow_wave, xom_butterflies,
          serial_shops, shop

Notes
Turn   | Place    | Note
-------+----------+-------------------------------------------
     0 | D:1      | Sanktem7 the Minotaur Fighter began the quest for the Orb.
     0 | D:1      | Reached XP level 1. HP: 19/19 MP: 0/0
     0 | D:1      | magus.rc [v1.9.6]
    70 | D:1      | Reached XP level 2. HP: 24/27 MP: 1/1
   182 | D:1      | Reached skill level 3 in Axes
   315 | D:1      | Reached skill level 4 in Fighting
   315 | D:1      | Reached skill level 4 in Armour
   348 | D:1      | Reached XP level 3. HP: 30/33 MP: 2/2
   429 | D:1      | Found a faded altar of an unknown god.
   433 | D:1      | Reached skill level 4 in Shields
   816 | D:1      | You pick up a book of Weapons and begin reading...
   816 | D:1      | You add the spells Tukima's Dance, Portal Projectile and
                  | Blade Hands to your library.
  1084 | D:2      | Identified the +0 leather armour "Bidoun Esun" {rPois Str-4
                  | Int+6}
  1233 | D:2      | Reached XP level 4. HP: 35/40 MP: 3/3
  1310 | D:2      | Identified the +0 cloak of the New World {*Corrode rF+
                  | rN+++ Stlth+}
  1586 | D:2      | You pick up a book of Cantrips and begin reading...
  1586 | D:2      | You add the spells Necrotise, Summon Small Mammal and
                  | Apportation to your library.
  1738 | D:2      | Reached skill level 4 in Axes
  2186 | D:3      | Reached XP level 5. HP: 47/47 MP: 4/4
  2353 | D:3      | Found a stormy altar of Qazlal.
  2397 | D:3      | Found a snail-covered altar of Cheibriados.
  2742 | D:3      | Found a basalt altar of Yredelemnul.
  2744 | D:3      | Found an opulent altar of Gozag.
  2753 | D:3      | Noticed Sigmund
  2762 | D:3      | Killed Sigmund
  2763 | D:3      | Reached skill level 5 in Fighting
  2763 | D:3      | Reached skill level 5 in Axes
  2763 | D:3      | Reached skill level 5 in Armour
  2763 | D:3      | Reached skill level 5 in Shields
  2763 | D:3      | Reached XP level 6. HP: 51/56 MP: 5/5
  2861 | D:3      | Found a runed translucent door.
  2862 | D:3      | Noticed Crazy Yiuf
  2869 | D:3      | Killed Crazy Yiuf
  3014 | D:4      | Found a staircase to the Ecumenical Temple.
  3142 | D:4      | Reached XP level 7. HP: 61/61 MP: 6/6
  3148 | D:4      | Reached skill level 6 in Axes
  3914 | D:4      | Identified a scroll of acquirement
  3916 | D:4      | Acquired the +10 crystal plate armour "Naagan Fyrch" {rElec
                  | rN+ Int+4}
  3917 | D:4      | b - the +10 crystal plate armour "Naagan Fyrch" {rElec rN+
                  | Int+4, rare=g}
  3928 | D:4      | You finish putting on the +10 crystal plate armour "Naagan
                  | Fyrch" {rElec rN+ Int+4, rare=g}.
  3942 | D:5      | Entered Level 5 of the Dungeon
  4026 | D:5      | Reached skill level 6 in Fighting
  4026 | D:5      | Reached skill level 7 in Axes
  4026 | D:5      | Reached skill level 6 in Armour
  4026 | D:5      | Reached skill level 6 in Shields
  4201 | D:5      | Reached XP level 8. HP: 70/70 MP: 7/7
  4832 | D:6      | Noticed Dowan
  4836 | D:6      | Reached skill level 8 in Axes
  4838 | D:6      | Noticed Duvessa
  4852 | D:6      | Killed Duvessa
  4857 | D:6      | Killed Dowan
  4871 | D:6      | Found a sand-covered staircase.
  4880 | Ossuary  | Entered an ossuary
  5104 | Ossuary  | Reached skill level 7 in Armour
  5236 | D:6      | Reached skill level 7 in Fighting
  5249 | D:6      | Found a glowing drain.
  5253 | Sewer    | Entered a sewer
  5308 | Sewer    | Reached skill level 7 in Shields
  5313 | Sewer    | Noticed Pargi
  5320 | Sewer    | Killed Pargi
  5534 | D:6      | Reached skill level 9 in Axes
  5879 | D:6      | Reached XP level 9. HP: 79/79 MP: 8/8
  6002 | D:7      | Noticed a two-headed ogre
  6011 | D:7      | HP: 11/79 [two-headed ogre/+0 giant spiked club (16)]
  6012 | D:7      | HP: 5/79 [shadow imp/nerve-wracking pain (1)]
  6012 | D:7      | Slain by a two-headed ogre

Vanquished Creatures
  Sigmund (D:3)
  A water moccasin (D:6)
  Duvessa (D:6)
  Pargi (Sewer)
  An ice beast (D:5)
  2 ogres
  A centaur (D:5)
  A kobold brigand (Sewer)
  2 bullfrogs
  A necrophage (D:5)
  4 scorpions
  Dowan (D:6)
  A howler monkey (D:6)
  An orc priest (D:5)
  2 gnoll boudas (D:6)
  2 hounds
  Crazy Yiuf (D:3)
  An iron imp (D:3)
  An iguana (D:5)
  2 orc wizards (D:4)
  3 mummies (Ossuary)
  11 gnolls
  6 adders
  A shadow imp (D:6)
  A white imp (D:6)
  A worm zombie (D:6)
  5 adder zombies
  An adder skeleton (D:2)
  2 worms
  5 dart slugs
  15 orcs
  6 ball pythons
  A bat skeleton (D:2)
  13 endoplasms
  4 giant cockroaches
  2 gnoll zombies (Ossuary)
  6 goblins
  5 hobgoblins
  10 jackals
  7 quokkas
  A ball python skeleton (D:2)
  9 bats
  5 frilled lizards
  3 goblin zombies
  2 hobgoblin zombies (Ossuary)
  A jackal zombie (D:6)
  7 kobolds
  2 kobold zombies (Ossuary)
  2 quokka zombies
  6 rats
  5 rat zombies (Ossuary)
176 creatures vanquished.

Vanquished Creatures (others)
  3 withered plants (D:2)
3 creatures vanquished.

Grand Total: 179 creatures vanquished

Table legend:
 A = Non-vault XP
 B = Vault XP
 C = Vault XP percentage of total XP
 D = Non-vault monster count
 E = Vault monster count
 F = Vault count percentage of total count
                 A         B        C        D         E       F
            +---------+---------+-------+---------+---------+-------
      Total |    2043 |     911 |  30.8 |     130 |      46 |  26.1
            +---------+---------+-------+---------+---------+-------
        D:1 |      68 |       0 |   0.0 |      37 |       0 |   0.0
        D:2 |     100 |      15 |  13.0 |      22 |       5 |  18.5
        D:3 |      54 |     323 |  85.7 |      15 |       3 |  16.7
        D:4 |     425 |       0 |   0.0 |      15 |       0 |   0.0
        D:5 |     768 |       0 |   0.0 |      20 |       0 |   0.0
        D:6 |     543 |     241 |  30.7 |      20 |       9 |  31.0
        D:7 |      85 |       0 |   0.0 |       1 |       0 |   0.0
      Sewer |       0 |     239 | 100.0 |       0 |       8 | 100.0
    Ossuary |       0 |      93 | 100.0 |       0 |      21 | 100.0
            +---------+---------+-------+---------+---------+-------

Illustrated notes

Table legend:
 A = Kills in this place as a percentage of kills in entire the game.
 B = Kills by you in this place as a percentage of kills by you in the entire game.
 C = Kills by friends in this place as a percentage of kills by friends in the entire game.
 D = Other kills in this place as a percentage of other kills in the entire game.
 E = Experience gained in this place as a percentage of experience gained in the entire game.
 F = Experience gained in this place divided by the number of levels of this place that you have seen.
                   A       B       C       D       E      F
               +-------+-------+-------+-------+-------+----------------------
         Total | 100.0 | 100.0 |   N/A |   N/A | 100.0 | 328.2
       Dungeon |  83.5 |  83.5 |   N/A |   N/A |  88.8 | 374.6
         Sewer |   4.5 |   4.5 |   N/A |   N/A |   8.1 | 239.0
       Ossuary |  11.9 |  11.9 |   N/A |   N/A |   3.1 |  93.0
               +-------+-------+-------+-------+-------+----------------------

Table legend: (Time is in decaauts)
 A = Elapsed time spent in this place.
 B = Non-inter-level travel time spent in this place.
 C = Inter-level travel time spent in this place.
 D = Time resting spent in this place.
 E = Time spent auto-exploring this place.
 F = Levels seen in this place.
 G = Mean time per level.
                   A        B        C        D        E       F      G
               +--------+--------+--------+--------+--------+-----+--------+
         Total |   6108 |   5946 |    162 |    159 |   4689 |   9 |  678.7 |
       Dungeon |   5631 |   5469 |    162 |      0 |   4517 |   7 |  804.4 |
         Sewer |    161 |    161 |      0 |      0 |     97 |   1 |  161.0 |
       Ossuary |    316 |    316 |      0 |    159 |     75 |   1 |  316.0 |
               +--------+--------+--------+--------+--------+-----+--------+

Top non-repeatable levels by time:
     D:2: 1131 daAuts
     D:1: 1084 daAuts
     D:4: 1038 daAuts
     D:5: 896 daAuts
     D:3: 752 daAuts
     D:6: 673 daAuts
 Ossuary: 316 daAuts
   Sewer: 161 daAuts
     D:7: 55 daAuts
